 Dungeon Crawl Stone Soup version 0.29.0-11-gd7f09526c8 (webtiles) character file.

Game seed: 8026881362506872651

15743 Monkooky the Cleaver (level 12, 0/85 HPs)
             Began as a Barachi Chaos Knight on Sept 3, 2022.
             Was a Believer of Ignis.
             Killed by divine providence
             ... invoked by an orc priest
              (13 damage)
             ... on level 2 of the Orcish Mines.
             The game lasted 00:37:02 (14740 turns).

Monkooky the Cleaver (Barachi Chaos Knight)        Turns: 14740, Time: 00:37:02

Health: 0/85       AC: 37    Str: 19    XL:     12   Next: 30%
Magic:  12/12      EV: 25    Int:  9    God:    Ignis [**....]
Gold:   1331       SH:  0    Dex: 13    Spells: 11/11 levels left

rFire   + + .      SeeInvis +   W - +5 hand axe of Autumn {speed, *Noise rPois rN+ SInv}
rCold   . . .      Faith    .   (no shield)
rNeg    + . .      Spirit   .   i - +5 storm dragon scales
rPois   +          Reflect  .   E - +1 helmet {SInv}
rElec   +          Harm     .   y - +0 cloak
rCorr   .          Rampage  .   a - +2 pair of gloves of Taffarav {Str+2}
Will    .....      Clarity  +   b - +1 pair of boots
Stlth   ..........              o - amulet of the acrobat
HPRegen 0.24/turn               Q - ring of protection from fire
MPRegen 0.13/turn               I - ring of poison resistance

@: unable to hop, acrobatic, fiery-armoured, slow
A: amphibious, slowness 1, strong legs 1, +LOS, clarity, dopey 2, frail 1
a: Hop, Renounce Religion, Fiery Armour, Foxfire Swarm, Rising Flame


You were on level 2 of the Orcish Mines.
You worshipped Ignis.
Ignis was pleased with you.
You visited 2 branches of the dungeon, and saw 13 of its levels.
You also visited: Bailey.

You collected 2144 gold pieces.
You spent 813 gold pieces at shops.

Inventory:

Hand Weapons
 r - a +2 antimagic war axe
 J - a +0 battleaxe
 W - the +5 hand axe of Autumn (weapon) {speed, *Noise rPois rN+ SInv}
   (You took it off a spriggan in a bailey)

   Attacks with this weapon are significantly faster.
   rPois:     It protects you from poison.
   rN:        It protects you from negative energy.
   SInv:      It lets you see invisible.
   *Noise:    It may make noises in combat.
Missiles
 h - 4 throwing nets
 R - 9 boomerangs (quivered)
 T - 3 silver boomerangs
 V - 2 javelins
Armour
 a - the +2 pair of gloves of Taffarav (worn) {Str+2}
   (You bought it in a shop on level 6 of the Dungeon)

   Str:       It affects your strength (+2).
 b - a +1 pair of boots (worn)
 i - +5 storm dragon scales (worn)
 y - a +0 cloak (worn)
 E - a +1 helmet of see invisible (worn)
 O - a +2 hat of intelligence
Magical Staves
 e - a staff of poison
Jewellery
 o - an amulet of the acrobat (around neck)
 v - a ring of wizardry
 A - a ring of ice
 D - a ring of positive energy
 I - a ring of poison resistance (right hand)
 P - a ring of see invisible
 Q - a ring of protection from fire (left hand)
Wands
 d - a wand of flame (8)
 j - a wand of polymorph (3)
 u - a wand of light (4)
 S - a wand of digging (2)
Scrolls
 f - 2 scrolls of fog
 g - a scroll of magic mapping
 l - 4 scrolls of teleportation
 m - 3 scrolls of poison
 p - 3 scrolls of amnesia
 z - 4 scrolls of vulnerability
 C - 4 scrolls of immolation
 H - a scroll of fear
 K - a scroll of enchant armour
 M - a scroll of blinking
Potions
 k - 2 potions of heal wounds
 n - a potion of mutation
 q - a potion of lignification {unknown}
 s - 2 potions of flight
 t - 3 potions of magic {unknown}
 w - 8 potions of curing
 x - 3 potions of brilliance
 B - 6 potions of might
 F - a potion of degeneration
 G - a potion of berserk rage
 L - a potion of resistance
 N - a potion of invisibility {unknown}
 X - a potion of cancellation {unknown}
 Y - a potion of haste
 Z - 3 potions of attraction {unknown}
Miscellaneous
 c - a piece from Xom's chessboard (15/15)


   Skills:
 - Level 9.1 Fighting
 - Level 3.7 Long Blades
 - Level 14.0 Axes
 - Level 7.1 Throwing
 + Level 11.3 Armour
 - Level 5.2 Dodging
 - Level 4.1 Evocations


You had 11 spell levels left.
You didn't know any spells.
Your spell library contained the following spells:

 Spells                   Type           Power      Damage    Failure   Level
 Apportation              Tloc           0%         N/A       96%         1
 Foxfire                  Conj/Fire      0%         2x1d4     96%         1
 Magic Dart               Conj           0%         1d3       96%         1
 Necrotise                Necr           0%         1d4       96%         1
 Summon Small Mammal      Summ           0%         N/A       96%         1
 Call Imp                 Summ           0%         N/A       99%         2
 Ensorcelled Hibernation  Hex/Ice        0%         N/A       99%         2
 Passwall                 Tmut/Erth      0%         N/A       99%         2
 Static Discharge         Conj/Air       0%         3-3/arc   99%         2
 Confusing Touch          Hex            0%         N/A       100%        3
 Conjure Flame            Conj/Fire      0%         6-21      100%        3
 Ignite Poison            Fire/Tmut/Pois 0%         N/A       100%        3
 Inner Flame              Hex/Fire       0%         N/A       100%        3
 Mephitic Cloud           Conj/Pois/Air  0%         N/A       100%        3
 Swiftness                Air            0%         N/A       100%        3
 Cause Fear               Hex            0%         N/A       100%        4
 Flame Wave               Conj/Fire      0%         2d4       100%        4
 Sticky Flame             Conj/Fire      0%         2d3       100%        4
 Lightning Bolt           Conj/Air       0%         1d11      100%        5
 Yara's Violent Unravell  Hex/Tmut       0%         3d3       100%        5
 Enfeeble                 Hex            0%         N/A       100%        7
 Discord                  Hex            0%         N/A       100%        8
 Maxwell's Capacitive Co  Air            0%         ∞         100%        8
 Chain Lightning          Conj/Air       0%         N/A       100%        9
 Fire Storm               Conj/Fire      0%         5d1       100%        9
 Shatter                  Erth           0%         3d5*      100%        9


Dungeon Overview and Level Annotations

Branches:
Dungeon (11/15)            Temple (0/1) D:4            Lair (0/5) D:9
    Orc (2/2) D:10            Elf (0/3) Orc:2        Bailey (visited)

Altars:
Gozag
Kikubaaqudgha
Makhleb
Okawaru
Ru
Trog
Uskayaw
Vehumet
Xom
Yredelemnul
Zin
The Shining One
Ignis

Shops:
D:6 *   D:7 [[:[*   D:8 [   Orc:2 (

Annotations:
D:9 exclusion: downstairs
D:10 exclusion: downstairs


Innate Abilities, Weirdness & Mutations

You are amphibious.
You cover ground slowly.
You can hop short distances.
You have an extended range of vision and can be seen from far away.
You possess an exceptional clarity of mind.
You are very dopey. (Int -4)
You are frail. (-10% HP)


Message History

Unknown command.
Throw: 4 javelins
Press: ? - help, Q - select action, (/) - cycle Shift-Dir - straight line, f - orc wizard
Aim: an orc wizard, wielding a +0 dagger and wearing a +0 robe (59% to hit)
You throw a javelin.
The javelin pierces through the orc wizard but does no damage.
The orc wizard is almost dead.
The javelin closely misses the orc wizard.
Unknown command.
Throw: 9 boomerangs
Press: ? - help, Q - select action, (/) - cycle Shift-Dir - straight line, f - orc wizard
Aim: an orc wizard, wielding a +0 dagger and wearing a +0 robe (almost dead, slightly transparent, 59% to hit)
You throw a boomerang.
The boomerang closely misses the orc wizard.
Throw: 9 boomerangs
Press: ? - help, Q - select action, (/) - cycle Shift-Dir - straight line, f/p - orc wizard
Aim: an orc wizard, wielding a +0 dagger and wearing a +0 robe (almost dead, slightly transparent, 59% to hit)
Okay, then.
The orc wizard points at you and mumbles some strange words.
You easily resist.
Unknown command.
The orc wizard gestures at you while chanting.
You easily resist.
Throw: 9 boomerangs
Press: ? - help, Q - select action, (/) - cycle Shift-Dir - straight line, f/p - orc wizard
Aim: an orc wizard, wielding a +0 dagger and wearing a +0 robe (almost dead, slightly transparent, 59% to hit)
You throw a boomerang.
The boomerang closely misses the orc wizard.
Throw: 3 javelins
Press: ? - help, Shift-Dir - straight line, f - orc priest
Aim: an orc priest, wielding a +2 flail of holy wrath (65% to hit)
You throw a javelin.
The javelin pierces through the orc wizard!
You kill the orc wizard!
The javelin closely misses the orc priest.
The orc wizard gestures at you while chanting.
The puff of flame hits you but does no damage.
The orc priest calls down the wrath of Beogh upon you.
Beogh smites you!
You die...

...................#
.......# ........#
......#####.....##
##
#.....#.........###.
#..§○###§§§.........
#..°§☼.§§☼§##.......
#.#○§.°☼○####.#.....
#§#☼☼○○..#####....
##@○§§##.## #....
#.○○§°.### #####...
##○§##.# #.......
##○○☼☼## #......#.
#o§§### ###....#.
##o☼☼# #....##.
##.#)## #.....###
###..))§# ..#.....#.
##########.#...☼§##
###.......


You could see an orc priest and an orc wizard (invisible).

Vanquished Creatures
  An orc warlord (Orc:2)
  Josephine (Orc:1)
  3 two-headed ogres
  An orc high priest (Orc:2)
  An orc sorcerer (Orc:2)
  An elephant (D:9)
  3 trolls
  A hornet (D:9)
  Prince Ribbit (D:8)
  4 spriggans (Bailey)
  4 wraiths
  A wyvern (D:7)
  17 yaks
  2 steam dragons
  2 water moccasins
  3 wargs
  12 orc warriors
  A sky beast (D:7)
  3 black bears
  An ice beast (D:6)
  10 ogres
  A centaur (D:7)
  A kobold brigand (D:10)
  A phantom (D:7)
  2 bullfrogs
  A gnoll sergeant (D:9)
  A necrophage (D:7)
  A scorpion (D:5)
  10 wights
  18 killer bees
  5 howler monkeys
  A crimson imp (D:6)
  6 hounds
  4 jellies
  13 orc priests
  A gnoll bouda (D:7)
  An iguana (D:5)
  10 orc wizards
  Robin (D:2)
  6 adders
  22 gnolls
  2 ufetubi
  A worm (D:2)
  A dart slug (D:2)
  52 orcs
  3 ball pythons
  6 endoplasms
  14 goblins
  8 hobgoblins
  3 quokkas
  6 bats
  A frilled lizard (D:2)
  8 kobolds
  7 rats
291 creatures vanquished.

Vanquished Creatures (others)
  An orc (Orc:1)
  A fungus (D:9)
  A plant (D:9)
3 creatures vanquished.

Grand Total: 294 creatures vanquished

Notes
Turn   | Place    | Note
-------+----------+-------------------------------------------
     0 | D:1      | Monkooky the Barachi Chaos Knight began the quest for the
                  | Orb.
     0 | D:1      | Reached XP level 1. HP: 18/18 MP: 1/1
    19 | D:1      | Found a faded altar of an unknown god.
    23 | D:1      | Prayed at the altar of an unknown god.
    23 | D:1      | Fell from the grace of Xom
    23 | D:1      | Became a worshipper of Ignis, the Dying Flame
   236 | D:1      | XOM: torment (9/19 hp)
   486 | D:1      | Reached XP level 2. HP: 25/25 MP: 2/2
   940 | D:2      | Noticed Terence
   986 | D:1      | Noticed Terence
   986 | D:1      | Terence changed into Terence the rat
   988 | D:1      | Killed Terence the rat
  1406 | D:2      | Found a radiant altar of Vehumet.
  1442 | D:2      | Reached XP level 3. HP: 24/28 MP: 3/3
  1483 | D:2      | Reached XP level 4. HP: 7/37 MP: 4/4
  1841 | D:2      | Noticed Robin
  1880 | D:2      | Killed Robin
  2215 | D:3      | XOM: summons 2 hostile demons
  2380 | D:3      | Found a glowing silver altar of Zin.
  2403 | D:3      | Reached skill level 1 in Axes
  2532 | D:3      | Reached XP level 5. HP: 43/43 MP: 5/5
  2585 | D:3      | Reached skill level 2 in Axes
  2672 | D:3      | XOM: give mutations
  2672 | D:3      | Gained mutation: You are partially covered in large bone
                  | plates. (SH +4) [Xom's mischief]
  2672 | D:3      | Gained mutation: You are frail. (-10% HP) [Xom's mischief]
  2672 | D:3      | Lost mutation: You are partially covered in large bone
                  | plates. (SH +4) [Xom's mischief]
  2672 | D:3      | Gained mutation: You are dopey. (Int -2) [Xom's mischief]
  3003 | D:3      | XOM: give mutations
  3003 | D:3      | Gained mutation: You are very dopey. (Int -4) [Xom's
                  | mischief]
  3003 | D:3      | Lost mutation: You are frail. (-10% HP) [Xom's mischief]
  3003 | D:3      | Gained mutation: You occasionally shout uncontrollably at
                  | your foes. [Xom's mischief]
  3341 | D:4      | Reached skill level 3 in Axes
  3341 | D:4      | Reached XP level 6. HP: 34/50 MP: 6/6
  3441 | D:4      | Found a staircase to the Ecumenical Temple.
  3485 | D:4      | XOM: scenery: summon butterflies
  3513 | D:4      | Reached skill level 4 in Axes
  4190 | D:5      | Entered Level 5 of the Dungeon
  4220 | D:5      | Reached skill level 5 in Axes
  4259 | D:5      | Found an iron altar of Okawaru.
  4275 | D:5      | Noticed Prince Ribbit
  4334 | D:5      | Found a hide-covered altar of Uskayaw.
  4348 | D:5      | Reached skill level 5 in Armour
  4623 | D:5      | Reached XP level 7. HP: 24/55 MP: 2/7
  4626 | D:5      | Reached skill level 1 in Evocations
  4695 | D:5      | XOM: 3-stop teleportation journey
  4940 | D:5      | XOM: give mutations
  4940 | D:5      | Gained mutation: You possess an exceptional clarity of
                  | mind. [Xom's mischief]
  4940 | D:5      | Lost mutation: You occasionally shout uncontrollably at
                  | your foes. [Xom's mischief]
  4940 | D:5      | Gained mutation: You are frail. (-10% HP) [Xom's mischief]
  4967 | D:5      | XOM: polymorph something unseen -> iguana
  5345 | D:6      | Found Ophudd's General Store.
  5348 | D:6      | Bought a potion of might for 48 gold pieces
  5599 | D:6      | Reached skill level 6 in Axes
  5659 | D:6      | Reached XP level 8. HP: 39/54 MP: 2/8
  6120 | D:6      | Found a burning altar of Makhleb.
  6121 | D:6      | Found a shimmering altar of Xom.
  6289 | D:6      | XOM: god gift: golden potion {god gift}
  6542 | D:6      | Reached skill level 5 in Dodging
  6590 | D:7      | Found Vukopuo's Book Boutique.
  6594 | D:7      | XOM: noise
  6603 | D:7      | Reached skill level 5 in Fighting
  6713 | D:7      | Reached XP level 9. HP: 63/64 MP: 3/9
  6901 | D:7      | Found Soaraemo's Antique Armour Emporium.
  6909 | D:7      | Found Vagoh's General Store.
  6914 | D:7      | Bought a potion of heal wounds for 65 gold pieces
  6914 | D:7      | Bought a potion of resistance for 130 gold pieces
  7192 | D:7      | Found an ancient bone altar of Kikubaaqudgha.
  7219 | D:7      | Found Demu's Antique Armour Shop.
  7363 | D:7      | Found Sumelipt's Antique Armour Shop.
  7557 | D:7      | Reached skill level 7 in Axes
  7566 | D:7      | XOM: swap monsters
  7767 | D:7      | XOM: god gift: scroll of immolation
  7820 | D:7      | Found an opulent altar of Gozag.
  7937 | D:7      | Reached skill level 8 in Axes
  8186 | D:8      | Found Wufeu's Antique Armour Emporium.
  8186 | D:8      | XOM: 1-stop teleportation journey
  8194 | D:8      | Killed Prince Ribbit
  8318 | D:8      | Found a flagged portal.
  8382 | Bailey   | Entered a bailey
  8407 | Bailey   | Reached skill level 5 in Throwing
  8413 | Bailey   | Reached XP level 10. HP: 30/74 MP: 3/10
  8545 | Bailey   | Identified the +5 hand axe of Autumn {speed, *Noise rPois
                  | rN+ SInv}
  8649 | Bailey   | XOM: god gift: potion of flight
  8851 | Bailey   | Noticed a two-headed ogre
  8868 | Bailey   | Killed a two-headed ogre
  8869 | Bailey   | Reached skill level 9 in Axes
  9034 | Bailey   | XOM: god gift: book of Annihilations
  9084 | D:8      | Found a sacrificial altar of Ru.
  9565 | D:9      | XOM: noise
  9705 | D:9      | XOM: 4-stop teleportation journey
  9809 | D:9      | XOM: noise
  9881 | D:9      | Reached skill level 10 in Axes
  9946 | D:9      | XOM: noise
 10104 | D:9      | Found a staircase to the Lair.
 10106 | D:9      | Noticed an elephant
 10154 | D:9      | Killed an elephant
 10155 | D:9      | Reached skill level 11 in Axes
 10798 | D:9      | Reached XP level 11. HP: 54/80 MP: 11/11
 10811 | D:9      | Reached skill level 12 in Axes
 10962 | D:9      | Found a basalt altar of Yredelemnul.
 11068 | D:10     | Entered Level 10 of the Dungeon
 11406 | D:10     | Found a bloodstained altar of Trog.
 11733 | D:6      | Bought the +2 pair of gloves of Taffarav {Str+2} for 308
                  | gold pieces
 11768 | D:7      | XOM: silly message
 11873 | D:10     | Identified the +9 sling of the Trees {venom, MP+9 Int+3
                  | Stlth+}
 11892 | D:10     | Found a staircase to the Orcish Mines.
 12048 | D:10     | Noticed a two-headed ogre
 12060 | D:10     | Killed a two-headed ogre
 12061 | D:10     | Reached skill level 13 in Axes
 12107 | D:10     | XOM: divination: detect items
 12288 | D:10     | Noticed a two-headed ogre
 12303 | D:10     | Killed a two-headed ogre
 12401 | D:10     | Found a glowing golden altar of the Shining One.
 12438 | D:10     | Identified a scroll of acquirement
 12439 | D:10     | Acquired 1091 gold pieces
 12578 | D:8      | Bought a glowing helmet for 262 gold pieces
 12579 | D:8      | XOM: silly message
 12579 | D:8      | Was forgiven by Xom
 12677 | D:10     | Reached skill level 14 in Axes
 13016 | D:11     | Noticed a seven-headed hydra
 13027 | Orc:1    | Entered Level 1 of the Orcish Mines
 13344 | Orc:1    | Noticed Josephine
 13503 | Orc:1    | Killed Josephine
 13879 | Orc:2    | Entered Level 2 of the Orcish Mines
 13890 | Orc:2    | Noticed an orc warlord
 13918 | Orc:2    | Reached XP level 12. HP: 59/85 MP: 12/12
 13921 | Orc:2    | Killed an orc warlord
 13922 | Orc:2    | Reached skill level 10 in Armour
 14212 | Orc:2    | Found Buomibb's Antique Weapon Shop.
 14212 | Orc:2    | Noticed an orc high priest
 14213 | Orc:2    | Found a staircase to the Elven Halls.
 14235 | Orc:2    | Killed an orc high priest
 14740 | Orc:2    | Killed from afar by an orc priest

Illustrated notes

Levels and vault maps discovered:
D:1:      wander_arrival_peaceful_grave, layout_loops_ring,
          ebering_ecumenical_altar_box
D:2:      layout_basic, basic_altar, uniq_terence, uniq_robin
D:3:      layout_basic, mainiacjoe_overflow_concentric_impassable
D:4:      layout_loops_ring, minmay_temple_entry_sparse_star,
          serial_bayou_pond_e
D:5:      layout_cave_pools, overflow_temple_1_default,
          mainiacjoe_overflow_paths, uniq_prince_ribbit1
D:6:      layout_cave_pods, grunt_temple_overflow_champion_of_chaos,
          serial_shops, kennysheep_mini_moat, kennysheep_generic_room_15
D:7:      layout_loops_ring, grunt_gozag_breadcrumbs,
          mainiacjoe_overflow_tiny_flanked, serial_shops, nicolae_square_shop,
          nicolae_diamond_shop, shop, shop, nicolae_shop_statue_plus
D:8:      layout_cave_pools, mainiacjoe_overflow_alcove_1, serial_shops,
          shop_statue, enter_bailey_2, lemuel_flame_loot_1
D:9:      layout_basic, lemuel_coloured_pillars_altar, david_lair_generic
D:10:     layout_roguey, amcnicky_altar_gilded, nicolae_tso_carved_into_rock,
          david_orc_2
D:11:     layout_loops_cross, special_room [special_room_orc],
          serial_park_tiny_pond
Orc:1:    layout_diamond_mine, uniq_josephine
Orc:2:    st_orc_mages, layout_diamond_mine, serial_shops, shop, basic_altar

Skill      XL: |  1  2  3  4  5  6  7  8  9 10 11 12 |
---------------+-------------------------------------+-----
Fighting       | 4 7 9 |  9.1
Armour         | 3 4 5 9 11 | 11.3
Axes           | 1 3 5 6 8 11 14 | 14.0
Evocations     | 4 |  4.1
Dodging        | 5 |  5.2
Throwing       | 5 7 |  7.1
Long Blades    | |  3.7

Action                   |  1- 3 |  4- 6 |  7- 9 | 10-12 || total
-------------------------+-------+-------+-------+-------++-------
Melee: Falchion          |    57 |       |       |       ||    57
       Punch             |     2 |     1 |     2 |     7 ||    12
       Short sword       |    44 |   155 |       |       ||   199
       War axe           |       |    28 |   258 |     2 ||   288
       Hand axe          |       |       |       |   627 ||   627
Throw: Javelin           |       |       |    14 |    24 ||    38
       Boomerang         |       |       |     3 |    39 ||    42
       Throwing net      |       |       |       |     1 ||     1
Invok: Fiery Armour      |       |       |     2 |     5 ||     7
 Abil: Hop               |       |     2 |     1 |     6 ||     9
Evoke: Piece from Xom's  |    12 |     3 |     1 |     1 ||    17
       Wand              |       |       |       |     8 ||     8
  Use: Scroll            |       |       |    14 |    10 ||    24
       Potion            |       |       |       |     3 ||     3
 Stab: Paralysed         |     3 |       |       |       ||     3
       Petrified         |    12 |       |       |       ||    12
       Held in net/web   |       |       |       |     3 ||     3
       Invisible         |       |       |       |     3 ||     3
Armor: Leather armour    |    12 |       |       |       ||    12
       Storm dragon scal |    53 |   118 |   200 |   196 ||   567
       Quicksilver drago |       |       |       |    64 ||    64
Dodge: Dodged            |    37 |    74 |   116 |   267 ||   494
